AoeStats
← jhonskull87

Lombardia

509926192Analyzed
4v4 RM · 5d ago on Sep 28, 2026· 92m 56s· 8 players
Game mode
Random Map
Map size
Large (8 player)
Population
200
Speed
Normal
Resources
Standard
Victory
Conquest
Starting age
Dark Age
Ending age
Imperial Age
RankedLock teamsTeams togetherTeam positionsShared explorationLock speedFull tech treeHidden civsTurbo modeCheats
Victory
Defeat
🇲🇽 Persians · Mexico
675
+14
🇬🇷 Teutons · Greece
666
+14
🇦🇷 Japanese · Argentina
543
+19
🇪🇸 Byzantines · Spain
535
+19
🇪🇸 Portuguese · Spain
640
-18
🇮🇳 Spanish · India
611
-16
🇨🇿 Teutons · Czechia
608
-16
🇫🇷 Mongols · France
599
-16
UzX NeO
0:49 Loom
13:39 Feudal Age
14:59 Wheelbarrow
14:11 Town Watch
14:15 Double-Bit Axe
14:13 Horse Collar
20:42 Gold Mining
24:00 Castle Age
25:08 Forging
25:04 Scale Barding Armor
24:54 Stone Mining
26:39 Hand Cart
26:37 Bow Saw
26:32 Heavy Plow
27:12 Gold Shaft Mining
27:17 Stone Shaft Mining
27:22 Town Patrol
29:14 Husbandry
29:24 Bloodlines
30:35 Iron Casting
33:09 Chain Barding Armor
35:59 Imperial Age
35:08 Nomads
37:41 Blast Furnace
36:04 Heavy Camel Rider
37:08 Drill
38:57 Conscription
38:54 Fortified Wall
38:42 Murder Holes
39:37 Caravan
39:47 Capped Ram
42:01 Chemistry
41:13 Masonry
42:21 Coinage
42:25 Ballistics
42:25 Onager
44:33 Banking
45:33 Siege Onager
47:48 Siege Ram
62:15 Fletching
62:26 Padded Archer Armor
63:27 Bodkin Arrow
63:48 Leather Archer Armor
64:09 Bracer
63:35 Elite Skirmisher
64:21 Thumb Ring
64:42 Parthian Tactics
spam
9:59 Loom
11:45 Feudal Age
13:45 Stone Mining
14:37 Wheelbarrow
14:43 Wheelbarrow
14:58 Gold Mining
19:11 Horse Collar
22:25 Double-Bit Axe
28:56 Castle Age
29:41 Bloodlines
29:41 Husbandry
30:07 Crossbowman
32:31 Heavy Plow
36:02 Thumb Ring
37:28 Caravan
37:59 Coinage
37:49 Scale Mail Armor
44:30 Scale Barding Armor
44:40 Chain Mail Armor
51:30 Imperial Age
49:16 Fortified Wall
51:16 Hand Cart
52:44 Onager
54:40 Chemistry
53:39 Pikeman
55:03 Banking
55:53 Bow Saw
56:16 Cavalier
60:17 Two-Man Saw
64:05 Elite Organ Gun
67:36 Arquebus
sandeepkumarsdsl
0:56 Loom
13:28 Feudal Age
16:01 Feudal Age
20:54 Wheelbarrow
22:26 Castle Age
22:48 Double-Bit Axe
22:47 Horse Collar
26:24 Caravan
27:38 Heavy Plow
32:35 Imperial Age
30:49 Wheelbarrow
30:39 Bow Saw
30:22 Gold Mining
30:23 Stone Mining
30:15 Pikeman
30:57 Squires
30:43 Gambesons
34:06 Hand Cart
34:55 Town Watch
36:23 Elite Teutonic Knight
42:37 Fortified Wall
43:28 Chemistry
42:39 Masonry
45:05 Two-Man Saw
45:21 Crop Rotation
45:22 Forging
45:13 Scale Mail Armor
44:53 Halberdier
48:42 Iron Casting
48:23 Chain Mail Armor
47:43 Onager
48:46 Siege Onager
56:33 Blast Furnace
56:03 Plate Mail Armor
57:50 Ballistics
57:21 Heated Shot
Ajghoimer
0:53 Loom
17:20 Feudal Age
20:34 Horse Collar
20:43 Double-Bit Axe
23:45 Wheelbarrow
27:52 Castle Age
27:58 Forging
27:54 Scale Barding Armor
27:49 Scale Mail Armor
30:07 Hand Cart
30:02 Husbandry
30:13 Bloodlines
30:37 Caravan
31:57 Heavy Plow
37:39 Fortified Wall
43:33 Imperial Age
41:22 Masonry
45:02 Iron Casting
44:48 Chain Barding Armor
44:43 Chain Mail Armor
47:03 Cavalier
49:37 Bow Saw
52:47 Two-Man Saw
55:11 Paladin
57:26 Gold Mining
61:09 Blast Furnace
60:45 Plate Barding Armor
60:40 Plate Mail Armor
71:15 Pikeman
71:41 Arson
71:56 Squires
71:42 Gambesons
72:49 Halberdier
jhonskull87
13:25 Feudal Age
11:41 Loom
15:16 Horse Collar
15:25 Double-Bit Axe
16:59 Wheelbarrow
20:56 Forging
23:15 Fletching
26:29 Castle Age
26:27 Padded Archer Armor
26:30 Scale Mail Armor
30:19 Bow Saw
30:50 Iron Casting
30:49 Hand Cart
30:08 Pikeman
32:37 Bloodlines
33:03 Gold Mining
33:06 Stone Mining
33:16 Bodkin Arrow
33:40 Town Watch
34:22 Ballistics
33:58 Murder Holes
35:25 Husbandry
36:09 Heavy Plow
41:20 Imperial Age
41:47 Crossbowman
42:33 Thumb Ring
42:29 Halberdier
44:36 Chemistry
43:27 Heated Shot
45:24 Elite War Elephant
49:07 Parthian Tactics
49:58 Crop Rotation
51:37 Squires
51:23 Gambesons
57:33 Heavy Camel Rider
63:22 Leather Archer Armor
63:14 Scale Barding Armor
68:01 Blast Furnace
67:33 Ring Archer Armor
83:06 Kamandaran
83:16 Citadels
83:30 Chain Barding Armor
83:26 Chain Mail Armor
88:22 Hoardings
88:30 Conscription
John Lemon
6:51 Loom
11:49 Feudal Age
12:46 Double-Bit Axe
14:25 Wheelbarrow
16:06 Arson
15:50 Man-at-Arms
25:02 Castle Age
24:00 Horse Collar
26:30 Caravan
27:35 Bow Saw
27:28 Heavy Plow
28:27 Coinage
30:47 Pikeman
31:28 Squires
30:49 Long Swordsman
31:14 Gambesons
32:07 Hand Cart
38:09 Stone Mining
38:09 Gold Mining
40:02 Padded Archer Armor
40:13 Forging
40:03 Scale Mail Armor
39:55 Fletching
40:11 Scale Barding Armor
44:26 Imperial Age
45:05 Elite Cataphract
48:16 Chain Barding Armor
48:12 Chain Mail Armor
48:32 Iron Casting
48:13 Leather Archer Armor
49:19 Greek Fire
51:11 Banking
51:58 Plate Mail Armor
51:23 Bodkin Arrow
51:23 Guard Tower
53:36 Ballistics
54:17 Chemistry
53:03 Arrowslits
53:53 Keep
54:45 Two-Handed Swordsman
56:45 Bombard Tower
56:36 Fortified Wall
56:22 Murder Holes
56:08 Treadmill Crane
60:59 Guilds
61:11 Halberdier
63:14 Champion
65:13 Ring Archer Armor
65:58 Bracer
66:08 Siphons
66:06 Arson
70:09 Stone Shaft Mining
70:10 Gold Shaft Mining
73:25 Elite Varangian Guard
75:25 Conscription
75:17 Logistica
83:47 Plate Barding Armor
84:15 Two-Man Saw
83:46 Crop Rotation
90:30 Spies/Treason
93:29 Shipwright
93:19 Clinker Construction
93:20 Careening
ZURITA3570
0:50 Loom
12:24 Feudal Age
13:04 Double-Bit Axe
17:03 Stone Mining
17:04 Gold Mining
24:28 Forging
26:54 Castle Age
28:13 Bow Saw
41:33 Imperial Age
41:14 Murder Holes
41:00 Treadmill Crane
41:41 Ballistics
43:19 Chemistry
42:05 Arrowslits
42:28 Siege Engineers
42:34 Masonry
44:03 Elite Samurai
44:44 Yasama
45:09 Scale Mail Armor
46:12 Gold Shaft Mining
45:59 Guard Tower
46:24 Fortified Wall
46:40 Pikeman
47:06 Arson
47:22 Squires
47:19 Guard Tower
49:13 Caravan
49:56 Halberdier
52:39 Wheelbarrow
55:55 Hand Cart
56:38 Keep
62:44 Heavy Scorpion
64:39 Iron Casting
64:19 Chain Mail Armor
64:05 Padded Archer Armor
63:56 Fletching
64:12 Scale Barding Armor
67:18 Kataparuto
67:36 Hoardings
68:05 Blast Furnace
67:35 Plate Mail Armor
67:21 Leather Archer Armor
78:53 Capped Ram
85:42 Onager
89:48 Ring Archer Armor
89:14 Bodkin Arrow
89:40 Chain Barding Armor
Elentin
12:28 Feudal Age
17:27 Castle Age
21:43 Double-Bit Axe
24:32 Horse Collar
26:10 Bow Saw
27:31 Stone Mining
27:38 Gold Mining
27:57 Heavy Plow
29:36 Stone Shaft Mining
29:22 Fervor
32:38 Imperial Age
33:30 Ironclad
33:14 Fletching
33:36 Forging
33:55 Squires
34:51 Conscription
34:21 Arson
34:23 Gambesons
35:18 Crop Rotation
34:34 Pikeman
36:11 Iron Casting
35:37 Scale Mail Armor
35:07 Halberdier
36:32 Wheelbarrow
35:45 Loom
35:49 Town Watch
36:17 Caravan
35:52 Elite Teutonic Knight
38:14 Blast Furnace
37:11 Elite Skirmisher
39:15 Hand Cart
39:06 Town Patrol
41:40 Heavy Scorpion
42:51 Chain Mail Armor
42:34 Bodkin Arrow
42:42 Padded Archer Armor
44:56 Chemistry
44:24 Crenellations
49:28 Plate Mail Armor
49:14 Leather Archer Armor
49:05 Scale Barding Armor
60:12 Ballistics
59:58 Siege Engineers
60:34 Hoardings
62:49 Bloodlines
62:44 Cavalier
63:55 Paladin
74:27 Chain Barding Armor
74:38 Ring Archer Armor
77:44 Sappers
82:27 Man-at-Arms
82:30 Crossbowman
82:33 Heavy Mounted Crossbowman
82:35 Capped Ram
83:42 Sanctity
83:23 Atonement
83:42 Caravan
84:13 Coinage
84:08 Bombard Tower
83:34 Arrowslits
87:47 Devotion
88:13 Illumination
90:18 Block Printing
90:53 Banking
90:34 Guilds
90:49 Heresy
91:05 Theocracy
91:08 Faith
90:59 Redemption
90:59 Spies/Treason
93:33 Plate Barding Armor
Connection lost

Rejoining the realm…

Still unreachable

The connection could not be restored.

Session expired

The server has moved on; the page needs a fresh start.